 Dungeon Crawl Stone Soup version 0.18.1-6-gd335043 (webtiles) character file.

47 Icer the Digger (level 3, 0/26 HPs)
             Began as a Ghoul Earth Elementalist on May 18, 2016.
             Was an Initiate of Vehumet.
             Slain by Ijyb (2 damage)
             ... on level 3 of the Dungeon.
             The game lasted 00:12:59 (2477 turns).

Icer the Digger (Ghoul Earth Elementalist)          Turns: 2477, Time: 00:13:00

Health: 0/26       AC:  4    Str: 12 (14) XL:     3   Next: 70%
Magic:  3/5        EV: 12    Int: 10 (11) God:    Vehumet [......]
Gold:   76         SH:  0    Dex:  7 (9)  Spells: 1 memorised, 5 levels left

rFire  . . .     SeeInvis +     (no weapon)
rCold  + . .     Gourm    .     a - +0 robe
rNeg   + + +     Faith    .     (no shield)
rPois  ∞         Spirit   .     (no helmet)
rElec  .         Dismiss  .     m - +1 cloak
rCorr  .         Reflect  .     (no gloves)
SustAt .         Harm     .     (no boots)
MR     .....                    (no amulet)
Stlth  ++........               h - +3 ring of strength
                                f - ring of see invisible

@: rotting, not resistant to hostile enchantments, unstealthy
A: rotting body, claws 1, carnivore 3, cold resistance 1, negative energy
resistance 3, slow regeneration 1, torment resistance, unbreathing
a: Renounce Religion


You were on level 3 of the Dungeon.
You worshipped Vehumet.
Vehumet was noncommittal.
You were not hungry.

You visited 1 branch of the dungeon, and saw 3 of its levels.

You collected 76 gold pieces.

Inventory:

Missiles
 b - 55 stones (quivered)
Armour
 a - a +0 robe (worn)
 i - a +0 chain mail
 m - a +1 cloak (worn)
Jewellery
 f - a ring of see invisible (left claw)
 h - a +3 ring of strength (right claw)
Scrolls
 l - a scroll of remove curse
 q - a scroll of immolation
Books
 c - a book of Geomancy

   Spells                             Type                      Level
   a - Sandblast                      Earth                        1
   b - Passwall                       Transmutation/Earth          2
   c - Stone Arrow                    Conjuration/Earth            3
   d - Petrify                        Transmutation/Earth          4
   e - Lee's Rapid Deconstruction     Earth                        5
Comestibles
 d - a meat ration
 g - 2 chunks of flesh


   Skills:
 - Level 2.0 Dodging
 - Level 2.4 Stealth
 + Level 2.2 Spellcasting
   Level 0.8 Transmutations
 * Level 4.2 Earth Magic


You had 5 spell levels left.
You knew the following spells:

 Your Spells              Type           Power        Failure   Level  Hunger
a - Sandblast             Erth           #.....       8%          1    ##.....


Dungeon Overview and Level Annotations

Branches:
Dungeon (3/15)

Altars:
Gozag
Pakellas
Vehumet

Annotations:
D:3 Ijyb


Innate Abilities, Weirdness & Mutations

Your body is rotting away.
You thrive on raw meat.
You are immune to poison.
You have sharp fingernails.
You are carnivorous and can eat meat at any time.
Your flesh is cold resistant.
You are immune to negative energy.
You regenerate slowly when monsters are visible.
You are immune to unholy pain and torment.
You can survive without breathing.


Message History

Ijyb is severely wounded.
Ijyb hits you.
* * * LOW HITPOINT WARNING * * *
You scratch Ijyb but do no damage.
Ijyb is severely wounded.
Ijyb hits you.
* * * LOW HITPOINT WARNING * * *
You scratch Ijyb but do no damage.
Ijyb is severely wounded.
Ijyb misses you.
You scratch Ijyb but do no damage.
Ijyb is severely wounded.
Ijyb hits you.
* * * LOW HITPOINT WARNING * * *
As you read the scroll labeled BAYDUA SEODENT, it crumbles to dust.
It is a scroll of identify.
Identify which item? (\ to view known items) (? for menu, Esc to quit)
q - a scroll of immolation Ijyb hits you.
You die...

#........ #..%.....
#........ ####........
##+##...........
#...............
#........g......
#$......@.# #.........#
.####
#....###########..... .#
#....# #..........# #..
#....# #.........# ..#
##....####........###_##
#........'.........#...#.
#...######...(......###..
#........................


You could see Ijyb.

Vanquished Creatures
  An adder (D:2)
  A worm (D:2)
  3 bats
  4 giant cockroaches
  3 hobgoblins (D:2)
  2 quokkas
  A ball python (D:2)
  7 goblins
  5 kobolds
  8 rats
35 creatures vanquished.

Notes
Turn   | Place    | Note
--------------------------------------------------------------
     0 | D:1      | Icer the Ghoul Earth Elementalist began the quest for the Orb.
     0 | D:1      | Reached XP level 1. HP: 14/14 MP: 2/2
   228 | D:1      | Reached XP level 2. HP: 20/20 MP: 0/3
  1359 | D:2      | Reached skill level 4 in Earth Magic
  1674 | D:2      | Reached XP level 3. HP: 25/25 MP: 1/4
  1833 | D:2      | Found a radiant altar of Vehumet.
  1833 | D:2      | Found an opulent altar of Gozag.
  1847 | D:2      | Became a worshipper of Vehumet
  1887 | D:2      | HP: 1/26 [worm (8)]
  2362 | D:3      | Found an oddly glowing altar of Pakellas.
  2408 | D:3      | Noticed Ijyb
  2477 | D:3      | Slain by Ijyb

Skill      XL: |  1  2  3 |
---------------+----------+-----
Dodging        | 2 |  2.0
Earth Magic    | 4 |  4.2
Spellcasting   | 2 |  2.2
Stealth        | |  2.4
Transmutations | |  0.8

Action                   || total
-------------------------++-------
Melee: Unarmed           ||   134
 Cast: Sandblast         ||    57
  Use: Potion            ||     6
       Scroll            ||     2
 Stab: Sleeping          ||     4
  Eat: Chunk             ||    19
Armor: Robe              ||    32
Dodge: Dodged            ||    82
